 Dungeon Crawl Stone Soup version 0.31.0-11-ge490571c62 (webtiles) character file.

Game seed: 17639591641440934121

1442 SnakkuSnakku7 the Ruffian (level 8, -1/58 HPs)
             Began as a Demigod Shapeshifter on Jan 30, 2024.
             Slain by a troll (12 damage)
             ... on level 6 of the Dungeon.
             The game lasted 00:10:16 (6071 turns).

SnakkuSnakku7 the Ruffian (Demigod Shapeshifter)    Turns: 6071, Time: 00:10:17

Health: -1/58      AC:  3    Str: 23    XL:     8   Next: 22%
Magic:  10/10      EV: 12    Int: 12    God:
Gold:   265        SH:  0    Dex: 13    Spells: 7/7 levels left

rFire   . .          .
                       - Unarmed
rCold   . . .        (no shield)
rNeg    . . .        k - +0 troll leather armour
rPois   .            (helmet currently unavailable)
rElec   .            (cloak currently unavailable)
rCorr   .            (gloves currently unavailable)
SInv    .            (boots currently unavailable)
Will    .....        (no amulet)
Stlth   +            r - ring of flight
HPRegen 1.09/turn    (no ring)
MPRegen 0.12/turn

%: no passive effects
@: about to teleport, beast-form, flying
A: beast (slay +3), high MP 1, forlorn, divine attributes
a: Begin Untransformation


You were on level 6 of the Dungeon.
You were a hulking beast.
You visited 2 branches of the dungeon, and saw 7 of its levels.

You collected 265 gold pieces.

Inventory:

Missiles
 l - 10 poisoned darts (quivered)
Armour
 a - a +0 animal skin
 b - a +0 helmet
 h - a +0 leather armour
 j - a +0 ring mail
 k - a +0 troll leather armour (worn)
Jewellery
 r - a ring of flight (left hand)
Talismans
 c - a beast talisman
 d - a flux talisman
Wands
 w - a wand of polymorph (2)
Scrolls
 f - a scroll of brand weapon {unknown}
 g - 2 scrolls of identify
 m - 2 scrolls of poison {unknown}
 s - a scroll of amnesia {unknown}
 v - 2 scrolls of blinking {unknown}
 x - a scroll of silence {unknown}
 y - a scroll of vulnerability {unknown}
Potions
 e - 2 potions of attraction {unknown}
 i - 2 potions of berserk rage {unknown}
 o - a potion of enlightenment
 p - a potion of might
 q - a potion of brilliance
 t - a potion of mutation {unknown}
 u - a potion of curing {unknown}
 z - a potion of heal wounds {unknown}


   Skills:
 - Level 0.8 Fighting
 - Level 1.7 Dodging
 + Level 7.3 Unarmed Combat
 + Level 6.8 Shapeshifting


You had 7 spell levels left.
You didn't know any spells.
Your spell library contained the following spells:

 Spells                   Type           Power      Damage    Failure   Level
 Freeze                   Ice            0%         1d3       36%         1
 Frozen Ramparts          Ice            0%         1d1       75%         3
 Hailstorm                Conj/Ice       0%         3d5       75%         3


Dungeon Overview and Level Annotations

Branches:
Dungeon (6/15)             Temple (1/1) D:5


Innate Abilities, Weirdness & Mutations

You are a hulking beast.
Your limbs bulge with bestial killing power. (Slay +3)
You have an increased reservoir of magic. (+10% MP)
You shall have no god before yourself.
Your divine heritage dramatically boosts your attributes as you level up.


Message History

The troll shouts!
The orc shouts!
You hit the shadow imp. Your punch misses the shadow imp.
The shadow imp is heavily wounded.
The shadow imp hits you.
You hit the shadow imp but do no damage.
Your punch misses the shadow imp.
The shadow imp is heavily wounded.
The shadow imp hits you.
The shadow imp shouts, "Away with thee, thou puking folly-fallen nert!"
The shadow imp attacks as it pursues you!
The shadow imp closely misses you.
The orc throws a throwing net.
The throwing net hits you.
You become entangled in the net!
You see here a throwing net.
You struggle against the net.
The shadow imp hits you.
You struggle against the net.
The shadow imp hits you.
You struggle against the net.
The shadow imp hits you but does no damage.
You struggle against the net.
The troll bites you! The troll barely misses you. The troll claws you.
The shadow imp gestures at you.
You struggle to resist.
You rip the net and break free!
The troll bites you!
The troll closely misses you. x2; The shadow imp closely misses you.
The shadow imp attacks as it pursues you!
The shadow imp hits you. The troll attacks as it pursues you!
The troll bites you!
* * * LOW HITPOINT WARNING * * *
The troll barely misses you. The troll closely misses you.
Okay, then.
The troll attacks as it pursues you! The troll closely misses you. x3
Okay, then.
Okay, then.
As you read the scroll of teleportation, it crumbles to dust.
You feel strangely unstable. The shadow imp barely misses you.
The shadow imp attacks as it pursues you!
The shadow imp hits you.
* * * LOW HITPOINT WARNING * * *
The troll completely misses you. The troll claws you!
You die...

##.# .... #..###....
...#..... ##......###
.##.. ##.......#.##.#..#
######................#
##.....................[
#.......T.o...........$.
#......h5#.....>........
#..##<######........# ##
### #.......###.
#............
##...#......#
######...... #.....
...## ....


You could see a troll, a shadow imp and an orc.

Vanquished Creatures
  Pikel (D:5)
  A black bear (D:5)
  2 ogres (D:5)
  3 lemures
  A scorpion (D:4)
  2 bombardier beetles
  A gnoll bouda (D:3)
  An orc priest (D:5)
  3 hounds
  A jelly (D:5)
  3 iguanas
  4 orc wizards
  Robin (D:2)
  3 gnolls
  7 adders
  A white imp (D:5)
  A dart slug (D:3)
  3 ribbon worms
  14 orcs
  7 ball pythons
  A bat (D:2)
  3 endoplasms
  2 giant cockroaches (D:2)
  10 hobgoblins
  7 jackals
  7 kobolds
  4 quokkas
  4 frilled lizards
  12 goblins
  2 rats
112 creatures vanquished.

Vanquished Creatures (others)
  An orc wizard (D:5)
1 creature vanquished.

Grand Total: 113 creatures vanquished

Notes
Turn   | Place    | Note
-------+----------+-------------------------------------------
     0 | D:1      | SnakkuSnakku7 the Demigod Shapeshifter began the quest for
                  | the Orb.
     0 | D:1      | Reached XP level 1. HP: 15/15 MP: 3/3
   274 | D:1      | Reached skill level 3 in Unarmed Combat
   448 | D:1      | Reached XP level 2. HP: 16/22 MP: 4/4
  1113 | D:2      | Reached XP level 3. HP: 27/27 MP: 5/5
  1127 | D:2      | Noticed Robin
  1138 | D:2      | Killed Robin
  1427 | D:1      | Reached XP level 4. HP: 34/34 MP: 6/6
  2414 | D:2      | Reached skill level 4 in Unarmed Combat
  3542 | D:3      | Reached XP level 5. HP: 18/39 MP: 7/7
  4308 | D:5      | Entered Level 5 of the Dungeon
  4318 | D:5      | Reached skill level 5 in Unarmed Combat
  4318 | D:5      | Reached XP level 6. HP: 46/46 MP: 8/8
  4478 | D:5      | Found a staircase to the Ecumenical Temple.
  4621 | Temple   | Entered the Ecumenical Temple
  4621 | Temple   | Noticed an Ice Fiend
  4621 | Temple   | Noticed a tormentor
  4621 | Temple   | Noticed a hell beast
  4621 | Temple   | Noticed a hell beast
  4622 | Temple   | Noticed Doug the pandemonium lord
  4623 | Temple   | Noticed Meephuah the pandemonium lord
  4639 | D:5      | Reached skill level 5 in Shapeshifting
  5090 | D:5      | Reached XP level 7. HP: 47/51 MP: 9/9
  5093 | D:5      | Noticed Pikel
  5188 | D:5      | Reached skill level 6 in Unarmed Combat
  5573 | D:5      | Killed Pikel
  5574 | D:5      | Reached skill level 7 in Unarmed Combat
  5574 | D:5      | Reached XP level 8. HP: 53/58 MP: 10/10
  5866 | D:6      | Noticed a troll
  6071 | D:6      | Slain by a troll

Illustrated notes

Levels and vault maps discovered:
D:1:      roderic_crop_circles_arrival_small, layout_loops_corners,
          kennysheep_pointless_box, chequers_big_river
D:2:      layout_loops_ring, uniq_robin
D:3:      layout_loops_corners, serial_bayou, serial_bayou_lagoon_a,
          serial_bayou_shore_a, serial_bayou_pond_e, serial_bayou_pond_a,
          patterned_corridor
D:4:      layout_loops_ring, mainiacjoe_overflow_surrounded_room
D:5:      layout_basic, makhleb_heckhound_becter, amcnicky_altar_gilded,
          temple_green, grunt_ministairs_4, roderic_serpentine_path,
          interstate_on_off, uniq_pikel
D:6:      minmay_bubble_buster, layout_cave_pools, kennysheep_doodads
Temple:   nicolae_temple_panitentiary

Skill      XL: |  1  2  3  4  5  6  7 |
---------------+----------------------+-----
Unarmed Combat | 3 4 5 7 |  7.3
Shapeshifting  | 3 4 5 6 |  6.8
Fighting       | |  0.8
Dodging        | |  1.7

Action                     |  1- 3 |  4- 6 |  7- 9 || total
---------------------------+-------+-------+-------++-------
  Melee: Unarmed           |   138 |   208 |    65 ||   411
         Punch             |     1 |    11 |     4 ||    16
  Throw: Dart              |       |    13 |    14 ||    27
    Use: Potion            |     1 |       |       ||     1
         Scroll            |       |     4 |     1 ||     5
 Armour: Animal skin       |    35 |       |       ||    35
         Leather armour    |    32 |       |       ||    32
         Skin              |    14 |       |       ||    14
         Ring mail         |     5 |     8 |       ||    13
         Troll leather arm |       |   120 |    49 ||   169
  Dodge: Dodged            |    74 |    95 |    52 ||   221
